 Dungeon Crawl Stone Soup version 0.28.0-53-g5a82cb258f (webtiles) character file.

Game seed: 9844914617233256880

21 Atelerd the Digger (level 2, -1/17 HPs)
             Began as an Octopode Earth Elementalist on July 12, 2022.
             Slain by a jackal (3 damage)
             ... on level 1 of the Dungeon.
             The game lasted 00:00:49 (638 turns).

Atelerd the Digger (Octopode Earth Elementalist)     Turns: 638, Time: 00:00:50

Health: -1/17      AC:  1    Str:  7    XL:     2   Next: 83%
Magic:  2/5        EV: 13    Int: 17    God:
Gold:   0          SH:  0    Dex: 12    Spells: 4/5 levels left

rFire   . . .      SeeInvis .   f - +0 dagger
rCold   . . .      Faith    .   (no shield)
rNeg    . . .      Spirit   .   (helmet restricted)
rPois   .          Reflect  .   (no amulet)
rElec   .          Harm     .   (no ring)
rCorr   .          Rampage  .   (no ring)
Will    .....                   (no ring)
Stlth   +++.......              (no ring)
HPRegen 0.05/turn               (no ring)
MPRegen 0.09/turn               (no ring)
                                (no ring)
                                (no ring)

@: no status effects
A: almost no armour, amphibious, 8 rings, camouflage 1, gelatinous body 1,
(nimble swimmer 1), tentacles
a: no special abilities


You were on level 1 of the Dungeon.
You visited 1 branch of the dungeon, and saw 1 of its levels.

Inventory:

Hand Weapons
 f - a +0 dagger (weapon)
Missiles
 b - 34 stones
Scrolls
 d - a scroll of immolation {unknown}
Potions
 a - a potion of haste {unknown}
 c - a potion of berserk rage {unknown}
 e - a potion of lignification {unknown}
 g - a potion of ambrosia {unknown}


   Skills:
 + Level 0.2 Short Blades
 - Level 2.0 Dodging
 + Level 3.0 Stealth
 + Level 2.3 Spellcasting
 + Level 1.0 Transmutations
 + Level 3.5 Earth Magic


You had 4 spell levels left.
You knew the following spells:

 Your Spells              Type           Power      Damage    Failure   Level
a - Sandblast             Erth           28%        2d8       4%          1

Your spell library contained the following spells:

 Spells                   Type           Power      Damage    Failure   Level
 Passwall                 Tmut/Erth      7%         N/A       11%         2
 Stone Arrow              Conj/Erth      16%        3d8       26%         3
 Frozen Ramparts          Ice            2%         1d2       50%         3
 Petrify                  Tmut/Erth      9%         N/A       58%         4
 Ice Form                 Ice/Tmut       3%         N/A       83%         4
 Summon Ice Beast         Ice/Summ       1%         N/A       88%         4


Dungeon Overview and Level Annotations

Branches:
Dungeon (1/15)

Altars:


Innate Abilities, Weirdness & Mutations

You cannot wear most types of armour.
You are amphibious.
You can wear up to eight rings at the same time.
Your skin changes colour to match your surroundings (Stealth+).
Your rubbery body absorbs attacks. (AC +1, EV +1)
((You are camouflaged when in or above water. (Stealth+)))
You have tentacles for arms and can constrict up to eight enemies at once.


Message History

You are too injured to fight recklessly!
There are monsters nearby!
You are too injured to fight recklessly!
You are too injured to fight recklessly!
There are monsters nearby!
Unknown command.
The jackal bites you.
The jackal bites you but does no damage.
The jackal bites you but does no damage.
You are too injured to fight recklessly!
You are too injured to fight recklessly!
You are too injured to fight recklessly!
You are too injured to fight recklessly!
You are too injured to fight recklessly!
You are too injured to fight recklessly!
You are too injured to fight recklessly!
You closely miss the jackal. Your grab misses the jackal.
You squeeze the jackal.
The jackal is moderately wounded.
The jackal closely misses you.
A frilled lizard comes into view.
The jackal barely misses you.
The frilled lizard hisses angrily.
You hit the jackal but do no damage. Your grab misses the jackal.
You squeeze the jackal.
You kill the jackal!
The jackal bites you.
* * * LOW HITPOINT WARNING * * *
You closely miss the jackal. Your grab misses the jackal.
You squeeze the jackal.
You kill the jackal!
The jackal barely misses you.
Your Stealth skill increases to level 3!
You completely miss the jackal. Your grab misses the jackal.
Your squeeze misses the jackal. The jackal bites you.
* * * LOW HITPOINT WARNING * * *
You hit the jackal but do no damage. You grab the jackal.
You squeeze the jackal, but do no damage.
You constrict the jackal. The jackal bites you.
You die...

#.#.. # #.#.# .# #.#.##.##
#.#.....# ######.#.l..#
#...#....#..# ##.#.l##..##
#.###hh...#.
##.#(#@####.#.######
#.###)#............
#######..#.##.#......#..#
.......)......#.........# ##
......†.##.......#......# #.
........##....#.##......####.
.......###....#.##...#.......
....... #......##...########
....... #.##.#......#


You could see 2 jackals and 2 frilled lizards.

Vanquished Creatures
  A ball python (D:1)
  3 endoplasms (D:1)
  2 goblins (D:1)
  A hobgoblin (D:1)
  4 jackals (D:1)
  3 quokkas (D:1)
  A kobold (D:1)
  A rat (D:1)
16 creatures vanquished.

Notes
Turn   | Place    | Note
-------+----------+-------------------------------------------
     0 | D:1      | Atelerd the Octopode Earth Elementalist began the quest for
                  | the Orb.
     0 | D:1      | Reached XP level 1. HP: 11/11 MP: 3/3
   154 | D:1      | Reached XP level 2. HP: 7/17 MP: 0/5
   638 | D:1      | Slain by a jackal

Illustrated notes

Levels and vault maps discovered:
D:1:      lemuel_arrival_river_bridge, layout_basic,
          chequers_ecumenical_altar_grove, chequers_serial_rivers_room_b,
          dk_noncrumbling_3, minmay_tripent

Skill      XL: |  1  2 |
---------------+-------+-----
Stealth        | 3 |  3.0
Short Blades   | |  0.2
Dodging        | |  2.0
Spellcasting   | |  2.3
Transmutations | |  1.0
Earth Magic    | |  3.5

Action                   || total
-------------------------++-------
Melee: Unarmed           ||     4
       Constrict         ||     6
       Dagger            ||    11
       Tentacles         ||     7
 Cast: Sandblast         ||    15
Armor: Skin              ||     3
Dodge: Dodged            ||    23
